 Dungeon Crawl Stone Soup version 0.30-a0-845-g7c6808c8ce (webtiles) character file.

Game seed: 16436860394789716394

571572 dolemite99 the Slayer (level 26, -30/205 (266) HPs)
             Began as a Hill Orc Fighter on Mar 2, 2023.
             Was a High Priest of Ashenzari.
             Killed from afar by a shadow dragon (52 damage)
             ... with a bolt of negative energy
             ... on level 1 of the Realm of Zot on Mar 3, 2023.
             The game lasted 03:08:44 (118121 turns).

dolemite99 the Slayer (Hill Orc Fighter)          Turns: 118121, Time: 03:08:45

HP:   -30/205 (266) AC: 37    Str: 30      XL:     26   Next: 36%
MP:   22/44         EV: 12    Int: 12      God:    Ashenzari [*****.]
Gold: 5639          SH: 22    Dex: 13 (14) Spells: 0/51 levels left

rFire   + + .      SeeInvis +    a - +9 broad axe (flame)
rCold   + + .      Faith    .    X - +1 tower shield of Desmomancy {reflect, Alch, Fort} (curse)
rNeg    . . .      Spirit   .    O - +7 plate armour of Cremastomancy {rF+, Self, Comp} (curse)
rPois   +          Reflect  +    R - +0 helmet of Ashenzari's Sun {Fort, Bglg} (curse)
rElec   +          Rampage  .    L - +0 cloak of Ashenzari's Fetters {Range, Self} (curse)
rCorr   +          Clarity  +    w - +2 pair of gloves of the Revealing Sky {Str+3, Evo, Comp} (curse)
Will    ++...                    s - +1 pair of boots of Ashenzari's Burden {Fly, Self, Bglg} (curse) Stlth
                                 M - amulet of Ashenzari's Urgency {Regen+, Comp, Self} (curse)
HPRegen 1.34/turn                x - ring of resist corrosion
MPRegen 0.29/turn                S - ring "Tethered Together" {rElec Will+ Dex+6, Evo, Melee} (curse)

@: resistant, flying, hasted, studying 5 skills, heavily drained, very quick
A: clumsy 1, cold resistance 1, high MP 1
}: 4/15 runes: decaying, slimy, silver, gossamer
a: Renounce Religion, Curse Item, Shatter the Chains


You were on level 1 of the Realm of Zot.
You worshipped Ashenzari.
Ashenzari was extremely pleased with you.
You visited 12 branches of the dungeon, and saw 52 of its levels.
You visited the Abyss 1 time.
You visited 1 ziggurat, and saw 5 of its levels.
You also visited: Ice Cave.

You collected 10722 gold pieces.
You spent 5083 gold pieces at shops.

Inventory:

Hand Weapons
 a - a +9 broad axe of flaming (weapon)
 b - the +7 sceptre of Torment {pain, torment}
   (You found it on level 3 of the Crypt)
 B - the +5 mace "Dragonslayer" {flame, rPois rF+ Will+ Str+3}
   (You found it on level 3 of the Elven Halls)

   Str:       It affects your strength (+3).
   rF:        It protects you from fire.
   rPois:     It protects you from poison.
   Will:      It increases your willpower.
Missiles
 h - 3 throwing nets
 m - 11 boomerangs
 K - 2 silver boomerangs
 N - 4 javelins (quivered)
Armour
 s - the cursed +1 pair of boots of Ashenzari's Burden (worn) {Fly, Self, Bglg}
   (You found it on level 5 of the Dungeon)

   It has a curse which improves the following skills: Introspection: Fighting
   and Spellcasting.
   Beguiling: Conjurations, Hexes and Translocations.
 w - the cursed +2 pair of gloves of the Revealing Sky (worn) {Str+3, Evo, Comp}
   (You found it on level 1 of the Vaults)

   Str:       It affects your strength (+3).
   It has a curse which improves the following skills: Evocations: Evocations.
   Companions: Summonings and Necromancy.
 L - the cursed +0 cloak of Ashenzari's Fetters (worn) {Range, Self}
   (You took it off Maurice on level 9 of the Dungeon)

   It has a curse which improves the following skills: Ranged Combat: Ranged
   Weapons and Throwing.
   Introspection: Fighting and Spellcasting.
 O - the cursed +7 plate armour of Cremastomancy (worn) {rF+, Self, Comp}
   (You found it on level 5 of the Lair of Beasts)

   It has a curse which improves the following skills: Introspection: Fighting
   and Spellcasting.
   Companions: Summonings and Necromancy.
 R - the cursed +0 helmet of Ashenzari's Sun (worn) {Fort, Bglg}
   (You found it on level 6 of the Dungeon)

   It has a curse which improves the following skills: Fortitude: Armour and
   Shields.
   Beguiling: Conjurations, Hexes and Translocations.
 X - the cursed +1 tower shield of Desmomancy (worn) {reflect, Alch, Fort}
   (You took it off a skeletal warrior on level 15 of the Dungeon)

   It has a curse which improves the following skills: Alchemy: Poison Magic and
   Transmutations.
   Fortitude: Armour and Shields.
Magical Staves
 J - a staff of air
Jewellery
 c - a ring of protection from fire
 x - a ring of resist corrosion (left hand)
 z - the ring "Tastich" {Will+ Str+6}
   (You took it off a deep elf archer on level 3 of the Elven Halls)

   [ring of strength]

   Str:       It affects your strength (+6).
   Will:      It increases your willpower.
 A - a ring of protection from cold
 F - a ring of poison resistance
 M - the cursed amulet of Ashenzari's Urgency (around neck) {Regen+, Comp, Self}
   (You bought it in a shop on level 4 of the Dungeon)

   [amulet of regeneration]

   Regen:     It increases your rate of health regeneration.
   It has a curse which improves the following skills: Companions: Summonings
   and Necromancy.
   Introspection: Fighting and Spellcasting.
 S - the cursed ring "Tethered Together" (right hand) {rElec Will+ Dex+6, Evo, Melee}
   (You bought it in a shop on level 2 of the Orcish Mines)

   [ring of dexterity]

   Dex:       It affects your dexterity (+6).
   rElec:     It insulates you from electricity.
   Will:      It increases your willpower.
   It has a curse which improves the following skills: Evocations: Evocations.
   Melee Combat: Short Blades, Long Blades, Axes, Maces & Flails, Polearms,
   Staves and Unarmed Combat.
Wands
 g - a wand of iceblast (8)
 u - a wand of paralysis (28)
 E - a wand of digging (3)
Scrolls
 d - 2 scrolls of silence
 i - a scroll of blinking
 j - 14 scrolls of teleportation
 o - a scroll of poison
 t - a scroll of enchant armour
 v - 10 scrolls of fog
 y - 2 scrolls of magic mapping
 C - a scroll of butterflies
 I - 55 scrolls of identify {@r1}
 W - a scroll of fear
 Y - 8 scrolls of vulnerability
Potions
 k - 15 potions of flight
 l - 10 potions of brilliance
 n - 2 potions of haste
 r - 2 potions of might
 D - a potion of invisibility
 H - 9 potions of cancellation
 P - a potion of mutation
 Q - 14 potions of ambrosia
 U - 2 potions of resistance
 Z - 9 potions of attraction
Miscellaneous
 e - a condenser vane (inert)
 q - a phial of floods (inert)
 G - a tin of tremorstones (inert)
 T - a box of beasts (inert)
 V - a lightning rod (2/4)


   Skills:
 - Level 21.9(27) Fighting
 - Level 16.4(20.6) Axes
 - Level 13.1(17.5) Maces & Flails
 - Level 7.6(10.0) Throwing
 - Level 17.6(20.8) Armour
 - Level 10.6 Dodging
 - Level 16.2(19.5) Shields
 - Level 8.0(13.4) Spellcasting
 - Level 12.1(15.5) Hexes
 - Level 14.7(19.1) Summonings
 - Level 12.1(16.5) Necromancy
 - Level 6.1(9.6) Translocations
 - Level 8.9 Fire Magic
 + Level 7.0 Air Magic
 - Level 12.6 Earth Magic
 - Level 11.5(14.9) Evocations


You couldn't memorise any spells.
You knew the following spells:

 Your Spells              Type           Power      Damage    Failure   Level
a - Borgnjor's Vile Clut  Necr/Erth      21%        N/A       4%          5
b - Animate Armour        Summ/Erth      92%        N/A       1%          4
c - Summon Mana Viper     Hex/Summ       49%        N/A       1%          5
d - Summon Guardian Gole  Hex/Summ       49%        N/A       1%          3
e - Swiftness             Air            24%        N/A       12%         3
f - Blink                 Tloc           62%        N/A       2%          2
g - Dispel Undead         Necr           47%        3d18      1%          4
h - Passwall              Tmut/Erth      19%        N/A       8%          2
i - Animate Dead          Necr           47%        N/A       1%          4
j - Anguish               Hex/Necr       23%        N/A       1%          4
k - Sublimation of Blood  Necr           47%        N/A       1%          2
l - Lesser Beckoning      Tloc           62%        N/A       2%          2
m - Manifold Assault      Tloc           31%        N/A       14%         4
n - Inner Flame           Hex/Fire       37%        N/A       1%          3
o - Summon Lightning Spi  Summ/Air       39%        N/A       3%          4

Your spell library contained the following spells:

 Spells                   Type           Power      Damage    Failure   Level
 Sandblast                Erth           76%        2d16      1%          1
 Summon Small Mammal      Summ           100%       N/A       1%          1
 Call Canine Familiar     Summ           52%        N/A       1%          3
 Confusing Touch          Hex            45%        N/A       1%          3
 Portal Projectile        Hex/Tloc       76%        N/A       1%          3
 Tukima's Dance           Hex            45%        N/A       1%          3
 Kiss of Death            Conj/Necr      100%       2d13      2%          1
 Leda's Liquefaction      Hex/Erth       20%        N/A       2%          4
 Cigotuvi's Dreadful Rot  Necr/Pois/Air  54%        N/A       4%          2
 Ensorcelled Hibernation  Hex/Ice        52%        N/A       4%          2
 Gell's Gravitas          Tloc           31%        N/A       4%          3
 Teleport Other           Tloc           31%        N/A       4%          3
 Vhi's Electric Charge    Tloc/Air       56%        N/A       7%          3
 Dazzling Flash           Conj/Hex       54%        N/A       9%          3
 Death Channel            Necr           23%        N/A       12%         6
 Momentum Strike          Conj/Tloc      40%        3d9       14%         2
 Passage of Golubria      Tloc           31%        N/A       14%         4
 Summon Ice Beast         Ice/Summ       31%        N/A       14%         4
 Shock                    Conj/Air       68%        1d7       16%         1
 Stone Arrow              Conj/Erth      46%        3d9       16%         3
 Static Discharge         Conj/Air       34%        2-4/arc   24%         2
 Monstrous Menagerie      Summ           26%        N/A       24%         7
 Airstrike                Air            12%        2d(2-18)  38%         4
 Petrify                  Tmut/Erth      23%        N/A       45%         4
 Beastly Appendage        Tmut           16%        N/A       54%         1
 Freeze                   Ice            32%        1d5       58%         1
 Yara's Violent Unravell  Hex/Tmut       13%        3d7       61%         5
 Metabolic Englaciation   Hex/Ice        13%        N/A       63%         5
 Iskenderun's Mystic Bla  Conj/Tloc      20%        2d6       67%         4
 Wereblood                Tmut           8%         N/A       69%         2
 Flame Wave               Conj/Fire      19%        2d7       71%         4
 Sticky Flame             Conj/Fire      19%        2d4       71%         4
 Summon Horrible Things   Summ           26%        N/A       88%         8
 Hailstorm                Conj/Ice       8%         3d4       89%         3
 Spider Form              Tmut/Pois      8%         N/A       89%         3
 Frozen Ramparts          Ice            16%        1d3       91%         3
 Dispersal                Tloc           15%        N/A       91%         6
 Fireball                 Conj/Fire      9%         3d6       96%         5
 Simulacrum               Ice/Necr       13%        N/A       98%         6
 Arcjolt                  Conj/Air       8%         1d18      99%         5
 Lightning Bolt           Conj/Air       8%         1d21      99%         5
 Borgnjor's Revivificati  Necr           23%        N/A       99%         8
 Infestation              Necr           23%        N/A       99%         8
 Ice Form                 Ice/Tmut       8%         N/A       100%        4
 Olgreb's Toxic Radiance  Pois           8%         N/A       100%        4
 Alistair's Intoxication  Tmut/Pois      5%         N/A       100%        5
 Blade Hands              Tmut           4%         N/A       100%        5
 Freezing Cloud           Conj/Ice/Air   7%         6-21      100%        5
 Irradiate                Conj/Tmut      4%         3d13      100%        5
 Iskenderun's Battlesphe  Conj           9%         2d6       100%        5
 Conjure Ball Lightning   Conj/Air       8%         3x3d6     100%        6
 Eringya's Noxious Bog    Tmut/Pois      4%         N/A       100%        6
 Iron Shot                Conj/Erth      11%        9d3       100%        6
 Starburst                Conj/Fire      9%         6d5       100%        6
 Statue Form              Tmut/Erth      15%        N/A       100%        6
 Dragon Form              Tmut           4%         N/A       100%        7
 Orb of Destruction       Conj           4%         9d5       100%        7
 Ozocubu's Refrigeration  Ice            4%         4d8       100%        7
 Spellforged Servitor     Conj/Summ      15%        N/A       100%        7
 Disjunction              Tloc           15%        N/A       100%        8
 Ignition                 Fire           14%        3d6       100%        8
 Death's Door             Necr           23%        N/A       100%        9


Dungeon Overview and Level Annotations

Branches:
Dungeon (15/15)            Temple (1/1) D:5            Lair (5/5) D:8
  Swamp (4/4) Lair:3       Spider (4/4) Lair:3        Slime (5/5) Lair:5
    Orc (2/2) D:11            Elf (3/3) Orc:2        Vaults (5/5) D:13
  Crypt (3/3) Vaults:3       Tomb (0/3) Crypt:3      Depths (4/4) D:15
    Zot (1/5) Depths:4      IceCv (visited)

Altars:
Ashenzari
Cheibriados
Dithmenos
Elyvilon
Fedhas
Gozag
Hepliaklqana
Kikubaaqudgha
Makhleb
Nemelex Xobeh
Okawaru
Qazlal
Ru
Sif Muna
Trog
Uskayaw
Vehumet
Wu Jian
Xom
Yredelemnul
Zin
The Shining One
Beogh
Jiyva

Shops:
D:1 :   D:4 =   D:7 :   D:9 =   D:13 (   D:15 [   Orc:2 ?=[   Elf:3 *
Vaults:1 ?   Vaults:2 =   Vaults:4 *   Vaults:5 *

Portals:
Hell: Depths:1 Depths:2 Depths:3 Depths:4
Abyss: Depths:3 Depths:4
Pandemonium: Depths:2 Depths:3
Trove: Depths:2 (give 12 potions of heal wounds)

Annotations:
D:7 exclusion: downstairs
Swamp:3 Mara
Crypt:1 1 runed translucent door, Kucw's ghost, adept GrFi
Depths:3 exclusion: downstairs


Innate Abilities, Weirdness & Mutations

You are clumsy. (Dex -2)
Your flesh is cold resistant. (rC+)
You have an increased reservoir of magic. (+10% MP)


Message History

Your guardian golem disappears in a puff of smoke!
Aiming: Thunderbolt
Press: ? - help, Shift-Dir - straight line, f - purple draconian shifter
Aim: a purple draconian shifter, wielding a +0 rapier and wearing a +1 cloak (lightly wounded, unable to see you, ally target) Really zap near your animated plate armour? [Y]es or [N]o only, please.
Really zap near your animated plate armour?
Okay, then.
You feel protected.
You flicker back into view.
The purple draconian shifter gestures at you while chanting.
The shadow dragon blinks into view!
A red draconian comes into view. It is wielding a +0 war axe.
The purple draconian shifter hits your animated plate armour but does no damage.
The shadow dragon bites you but does no damage.
The shadow dragon claws you but does no damage.
You block the shadow dragon's attack.
You feel yourself speed up.
The purple draconian shifter hits your animated plate armour with a +0 rapier.
The shadow dragon breathes negative energy at you.
The bolt of negative energy hits you!!!
You feel drained.
* * * LOW HITPOINT WARNING * * *
Your animated plate armour hits the purple draconian shifter!! x2
You slash the shadow dragon! You burn the shadow dragon.
The shadow dragon is lightly wounded.
The purple draconian shifter casts a spell at you.
You block the shadow dragon's attack.
The shadow dragon claws you but does no damage.
You block the shadow dragon's attack.
You slice the shadow dragon!! You burn the shadow dragon!
The shadow dragon is heavily wounded.
Your animated plate armour completely misses the purple draconian shifter.
Your animated plate armour hits the purple draconian shifter but does no damage.
You closely miss the shadow dragon.
The shadow dragon is heavily wounded.
The purple draconian shifter hits your animated plate armour with a +0 rapier!
Your animated plate armour is destroyed!
Your animated plate armour disappears in a puff of smoke!
The shadow dragon breathes negative energy at you.
The bolt of negative energy hits you!!!
You feel drained.
You die...

### #@#* ##D#
#.# ######
*#.#*##....##
#ยง##......##
#q#...q...###
##yD.........
##.....#....
##......y..


You could see a shadow dragon (catching breath), a storm dragon, a purple
draconian shifter and a moth of wrath.

Vanquished Creatures
  the Royal Jelly (Slime:5)
  2 ancient liches (Vaults:5)
  3 dread liches (Vaults:5)
  Mennas (Crypt:3)
  A royal mummy (Crypt:3)
  Margery (Depths:4)
  Saint Roka (Depths:1)
  Xtahua (Crypt:1)
  6 caustic shrikes
  A golden dragon (Depths:4)
  2 bone dragons
  Arachne (Spider:3)
  A tentacled monstrosity (Depths:2)
  Zenata (Elf:2)
  Asterion (Depths:1)
  Mlioglotl (Swamp:4)
  A quicksilver dragon (Depths:3)
  3 titans
  A deep elf master archer (Elf:3)
  8 acid blobs
  An Executioner (Abyss:2)
  2 deep elf blademasters
  A tentacled starspawn (Zig:4)
  Gastronok (D:8)
  5 sphinxes
  A thorn hunter (Swamp:3)
  3 tengu reavers
  A storm dragon (Depths:3)
  Roxanne (Spider:1)
  5 fire giants
  2 shadow dragons
  A nagaraja (Depths:3)
  2 iron dragons
  Donald (Orc:2)
  Kirke (Swamp:3)
  2 revenants (Crypt:1)
  2 draconian knights (Depths:4)
  12 azure jellies
  7 frost giants
  23 vault wardens
  4 emperor scorpions
  4 ghost moths
  3 curse skulls
  Aizul (Spider:2)
  15 ironbound preservers
  5 deep elf sorcerers
  2 spriggan defenders
  9 deep elf elementalists
  An orc warlord (Elf:1)
  5 ghouls
  13 very ugly things
  4 spectral caustic shrikes (Depths:2)
  3 war gargoyles
  A broodmother (shapeshifter) (Depths:4)
  6 quicksilver oozes
  5 ironbound thunderhulks
  4 deep elf demonologists
  6 broodmothers
  4 vampire knights (Crypt:2)
  9 stone giants
  An eleionoma (Swamp:4)
  7 deep elf annihilators
  7 spark wasps
  7 bunyips
  8 dire elephants
  A bunyip (shapeshifter) (Depths:3)
  6 ettins
  2 crystal guardians (Vaults:4)
  5 deep elf death magi (Elf:3)
  A merfolk impaler (Depths:2)
  2 shambling mangroves (Swamp:4)
  An eidolon (Crypt:1)
  3 mummy priests (Crypt:3)
  8 fire dragons
  4 jiangshi
  7 great orbs of eyes
  7 deep elf high priests
  29 vault guards
  2 ice dragons
  3 rakshasas
  Harold (D:9)
  22 hydras
  8 yaktaur captains
  The ghost of osoart the Blocker, a journeyman FoFi of Wu Jian (D:11)
  Erolcha (D:10)
  A hell beast (Depths:1)
  4 ogre magi
  A salamander tyrant (Zig:5)
  An anaconda (Zig:5)
  4 catoblepae
  3 peacekeepers
  4 spriggan air magi
  An anaconda (shapeshifter) (Depths:3)
  2 ghost crabs
  7 centaur warriors (Vaults:1)
  2 jorogumos (Spider:4)
  10 two-headed ogres
  8 ironbound frosthearts
  5 deep troll shamans
  10 boulder beetles
  Erica (D:10)
  An azure jelly zombie (Crypt:3)
  9 death yaks (Lair:5)
  8 deep troll earth magi
  10 alligators
  2 tengu warriors (D:14)
  31 dancing weapons
  6 spriggan berserkers
  Urug (Lair:2)
  2 orc high priests
  9 vampire magi
  2 thrashing horrors (Abyss:2)
  Sonja (Orc:1)
  9 deep elf knights
  A wretched star (Abyss:2)
  3 shadow wraiths
  A soul eater (Crypt:2)
  A hell knight (Depths:4)
  8 sun demons (Depths:1)
  2 goliath frogs
  2 sun moths
  2 iron trolls
  2 skeletal warriors
  7 orb spiders
  8 bog bodies
  A flayed ghost (Depths:4)
  A deep troll (shapeshifter) (Depths:3)
  A glowing orange brain (Depths:3)
  6 pharaoh ants
  13 deep elf archers
  8 spriggan druids
  6 wizards
  37 deep trolls
  21 orc knights
  7 swamp dragons
  26 deep elf zephyrmancers
  13 lindwurms
  Lodul (D:13)
  23 deep elf pyromancers
  3 phantasmal warriors
  17 ironbound convokers
  3 harpies (Vaults:3)
  3 necromancers
  4 steelbarb worms
  18 wolf spiders
  2 will-o-the-wisps
  12 orc sorcerers
  2 shining eyes
  23 ugly things
  A salamander (Depths:1)
  5 manticores
  2 elephants (shapeshifter)
  A shining eye (shapeshifter) (Vaults:5)
  2 black mambas
  3 moths of wrath
  9 elephants
  An eleionoma skeleton (Crypt:3)
  A black mamba (shapeshifter) (D:13)
  Maurice (D:9)
  20 vault sentinels
  8 demonic crawlers
  2 ice statues (IceCv)
  4 torpor snails
  9 cane toads
  A naga mage (Zig:5)
  A dire elephant skeleton (Crypt:2)
  3 gargoyles
  3 eyes of devastation
  An unseen horror (shapeshifter) (D:13)
  A hellion (Depths:1)
  A rime drake (shapeshifter) (Vaults:1)
  6 komodo dragons
  2 kobold demonologists
  A rime drake (Lair:4)
  6 freezing wraiths
  An ice devil (Depths:3)
  3 efreet
  2 tengu conjurers
  32 yaktaurs
  An alligator snapping turtle skeleton (Abyss:2)
  16 guardian mummies
  2 polar bears
  A hellwing (Abyss:2)
  Grinder (D:5)
  4 large abominations (Abyss:2)
  8 trolls
  9 tarantellas
  15 hornets
  8 tyrant leeches
  4 dream sheep (Lair:5)
  A raiju (shapeshifter) (Vaults:5)
  24 jumping spiders
  45 slime creatures
  2 flying skulls (Crypt:1)
  A shadow (D:12)
  A ynoxinul (Zig:4)
  A centaur simulacrum (D:15)
  A vampire (Abyss:2)
  Sigmund (D:6)
  An air elemental (Elf:2)
  An ushabti (Crypt:3)
  28 culicivoras
  5 fire bats
  4 water elementals
  6 wyverns
  7 wraiths
  16 spriggans
  2 steam dragons
  55 yaks
  2 hogs (Swamp:3)
  2 small abominations (Abyss:2)
  3 basilisks
  A neqoxec (Abyss:2)
  Eustachio (D:4)
  3 fire elementals (Elf:1)
  3 golden eyes (Slime:2)
  A black mamba skeleton (Crypt:2)
  Menkaure (D:5)
  42 redbacks
  8 vampire mosquitoes
  A harpy simulacrum (IceCv)
  Edmund (D:4)
  17 swamp worms
  6 wargs
  A hydra simulacrum (IceCv)
  A water nymph zombie (Crypt:2)
  An acid dragon (D:14)
  9 water moccasins
  A floating eye (shapeshifter) (Depths:3)
  A hell hound (D:8)
  A floating eye (Depths:1)
  6 swamp drakes (Swamp:4)
  26 orc warriors
  2 sky beasts
  2 black bears
  16 ogres
  A swamp dragon zombie (Crypt:2)
  A centaur (D:7)
  14 wolves
  5 boggarts
  A hog zombie (Vaults:5)
  2 phantoms
  A rime drake zombie (Crypt:1)
  A kobold brigand (D:6)
  A fire crab zombie (Crypt:1)
  9 necrophages
  12 bullfrogs
  2 gnoll sergeants
  3 earth elementals
  4 scorpions
  A cane toad simulacrum (IceCv)
  7 wights
  A cyclops skeleton (Crypt:1)
  An elephant simulacrum (IceCv)
  4 killer bees (D:7)
  8 electric eels
  2 howler monkeys
  A wolf zombie (Crypt:3)
  2 lava snakes (D:8)
  3 centaur zombies (D:8)
  2 hounds (D:6)
  15 jellies
  14 orc priests
  A human zombie (D:8)
  2 gnoll boudas
  30 orc wizards
  A boggart zombie (Crypt:2)
  A polar bear simulacrum (IceCv)
  A wolf simulacrum (IceCv)
  A killer bee zombie (D:8)
  A deep dwarf skeleton (Crypt:2)
  A howler monkey zombie (D:8)
  2 mummies
  18 gnolls
  5 adders
  2 river rats (D:5)
  A swamp drake skeleton (Crypt:1)
  13 white imps
  An ufetubus (D:3)
  An iguana zombie (Crypt:3)
  4 worms
  2 dart slugs
  71 orcs
  12 endoplasms
  15 goblins
  10 hobgoblins
  2 jackals (D:1)
  3 quokkas
  A river rat zombie (Crypt:3)
  6 bats (D:2)
  5 frilled lizards
  A jackal skeleton (Crypt:3)
  16 kobolds
  7 rats
  A fire vortex (D:8)
  A lurking horror (Abyss:2)
  2 starspawn tentacles (Zig:4)
1725 creatures vanquished.

Vanquished Creatures (collateral kills)
  A dread lich (Vaults:5)
  A juggernaut (Depths:3)
  A Killer Klown (Zig:1)
  Sojobo (Crypt:3)
  2 caustic shrikes
  A bone dragon (Depths:4)
  A walking crystal tome (Depths:3)
  4 tentacled monstrosities
  A lich (Depths:3)
  A titan (Vaults:5)
  2 quicksilver dragons
  8 acid blobs
  A walking divine tome (Depths:3)
  3 shadow dragons
  4 sphinxes
  A draconian monk (Depths:4)
  2 azure jellies
  2 storm dragons
  2 tengu reavers
  6 rockslimes
  2 vault wardens (Vaults:5)
  2 frost giants (Depths:3)
  2 fire giants
  An iron dragon (Depths:3)
  A draconian shifter (Depths:4)
  5 ghouls
  A reaper (Crypt:2)
  An ironbound preserver (Vaults:5)
  A war gargoyle (Vaults:5)
  4 quicksilver oozes
  6 stone giants
  2 very ugly things
  2 deep elf demonologists
  A green draconian (Depths:4)
  3 vampire knights
  2 red draconians (Depths:4)
  A white draconian (Depths:4)
  3 purple draconians
  5 ettins
  2 deep elf death magi
  A mummy priest (Crypt:3)
  2 jiangshi (Crypt:2)
  5 great orbs of eyes
  5 fire dragons
  3 rakshasas
  An entropy weaver (shapeshifter) (Vaults:5)
  10 vault guards (Vaults:5)
  2 ice dragons
  3 ogre magi (Vaults:5)
  A satyr (shapeshifter) (Depths:4)
  A boulder beetle (shapeshifter) (Vaults:5)
  7 two-headed ogres (Vaults:5)
  5 deep troll shamans
  A deep troll earth mage (Depths:3)
  6 vampire magi
  A hell knight (Depths:4)
  3 spriggan berserkers
  A deep elf knight (Elf:3)
  A shadow wraith (Crypt:3)
  4 skeletal warriors (Crypt:3)
  5 iron trolls
  2 flayed ghosts (Depths:3)
  6 deep trolls
  2 glowing orange brains
  4 bog bodies (Crypt:3)
  An orc knight (Vaults:5)
  6 phantasmal warriors
  A deep elf archer (Vaults:5)
  2 ironbound convokers (Vaults:5)
  A necromancer (Depths:3)
  A sphinx zombie (Crypt:3)
  A wolf spider (Vaults:5)
  A faun (shapeshifter) (Vaults:5)
  An iron giant skeleton (Crypt:1)
  4 shining eyes
  A stone giant skeleton (Crypt:1)
  An iron dragon skeleton (Crypt:2)
  2 vault sentinels (Vaults:5)
  An apocalypse crab (Zig:4)
  A smoke demon (Zig:4)
  A yaktaur (Vaults:5)
  A freezing wraith (Vaults:5)
  18 guardian mummies (Crypt:3)
  A hornet (Depths:2)
  A culicivora zombie (Crypt:2)
  19 slime creatures
  3 flying skulls (Crypt:1)
  2 wraiths (Crypt:1)
  A water elemental (Depths:2)
  6 ushabtiu (Crypt:3)
  A hog (shapeshifter) (Vaults:5)
  8 golden eyes (Slime:2)
  A two-headed ogre skeleton (Crypt:3)
  An orc warrior (Vaults:5)
  2 ogres (Vaults:5)
  An elephant zombie (Crypt:3)
  An elf zombie (Crypt:1)
  A cyclops zombie (Crypt:1)
  A shapeshifter zombie (Crypt:1)
  6 mummies (Crypt:3)
  A lava snake skeleton (Crypt:1)
  2 orcs (Vaults:5)
  2 starspawn tentacles (Zig:4)
280 creatures vanquished.

Vanquished Creatures (others)
  A deep elf blademaster (Elf:3)
  A deep elf master archer (Elf:3)
  A walking frostbound tome (Depths:3)
  A sphinx (Vaults:4)
  3 acid blobs
  A shadow dragon (Vaults:5)
  An emperor scorpion (Spider:4)
  A fire giant (Depths:4)
  2 vault wardens
  2 deep elf elementalists (Elf:3)
  A ghoul (Vaults:3)
  An orc warlord (Vaults:4)
  3 stone giants
  An ironbound thunderhulk (Vaults:3)
  A deep elf demonologist (Elf:3)
  A very ugly thing zombie (Vaults:5)
  2 vault guards (Vaults:4)
  2 ironbound frosthearts
  A deep troll shaman (Depths:3)
  A two-headed ogre (Vaults:5)
  A spriggan berserker (Depths:2)
  A deep troll earth mage (Depths:3)
  2 deep elf knights (Elf:3)
  An iron troll (Depths:3)
  A spriggan druid (Swamp:4)
  2 ironbound convokers
  A wizard (Vaults:3)
  3 deep trolls
  3 deep elf archers
  6 deep elf zephyrmancers
  A phantasmal warrior (Vaults:5)
  A sphinx zombie (Vaults:5)
  2 deep elf pyromancers
  2 shining eyes
  A shadow dragon zombie (Vaults:5)
  An ugly thing (Depths:4)
  A vault sentinel (Vaults:5)
  3 yaktaur zombies (Vaults:5)
  A guardian mummy (Crypt:3)
  3 bloated husks
  5 slime creatures
  A boulder beetle zombie (Vaults:5)
  A spriggan (Swamp:4)
  A water elemental (Elf:1)
  An ushabti (Crypt:3)
  A redback (Spider:4)
  A swamp worm (Swamp:3)
  A warg (Depths:1)
  9 human zombies
  A faun zombie (Vaults:5)
  A two-headed ogre zombie (Vaults:5)
  3 elf zombies (Vaults:5)
  2 orc zombies (Vaults:5)
  A necrophage (Crypt:2)
  An iguana (shapeshifter) (Vaults:5)
  A mummy (Crypt:3)
  An orc (Depths:1)
  A fire vortex (D:8)
  18 foxfires
  14 fungi
  81 plants
  5 starspawn tentacles
216 creatures vanquished.

Grand Total: 2221 creatures vanquished

Notes
Turn   | Place    | Note
-------+----------+-------------------------------------------
     0 | D:1      | dolemite99 the Hill Orc Fighter began the quest for the
                  | Orb.
     0 | D:1      | Reached XP level 1. HP: 19/19 MP: 1/1
   289 | D:1      | Reached XP level 2. HP: 26/26 MP: 2/2
   444 | D:1      | Found Fepeleocvis's Vocational Training.
   966 | D:2      | Reached XP level 3. HP: 22/31 MP: 3/3
  1229 | D:2      | Reached skill level 5 in Axes
  1756 | D:2      | Found a white marble altar of Elyvilon.
  1783 | D:2      | Reached XP level 4. HP: 28/39 MP: 4/4
  1794 | D:2      | Became a worshipper of Elyvilon the Healer
  2551 | D:3      | Reached XP level 5. HP: 45/45 MP: 5/5
  2672 | D:3      | Reached * piety under Elyvilon
  2993 | D:3      | Found a faded altar of an unknown god.
  3120 | D:3      | Reached ** piety under Elyvilon
  3271 | D:4      | Noticed a phantom
  3281 | D:4      | Killed a phantom
  3322 | D:4      | Found Imarr's Jewellery Emporium.
  3331 | D:4      | Noticed Eustachio
  3343 | D:4      | Killed Eustachio
  3344 | D:4      | Reached XP level 6. HP: 16/51 MP: 6/6
  3614 | D:4      | Noticed Edmund
  3630 | D:4      | Gained mutation: You are partially covered in large bone
                  | plates. (SH +4) [potion of mutation]
  3630 | D:4      | HP: 2/51 [Edmund/+0 heavy dire flail (4)]
  3636 | D:4      | Killed Edmund
  3637 | D:4      | Reached XP level 7. HP: 37/57 MP: 7/7
  4503 | D:4      | Reached *** piety under Elyvilon
  4728 | D:5      | Entered Level 5 of the Dungeon
  4737 | D:5      | Reached skill level 10 in Axes
  4760 | D:5      | Noticed Grinder
  5234 | D:5      | Paralysed by Grinder for 5 turns
  5244 | D:5      | Paralysed by Grinder for 3 turns
  5251 | D:5      | Killed Grinder
  5252 | D:5      | Reached XP level 8. HP: 50/64 MP: 8/8
  5502 | D:5      | Identified the +1 quarterstaff "Hill Orc's Regret" {freeze,
                  | rPois rC+ rN+}
  5725 | D:5      | Found a staircase to the Ecumenical Temple.
  5732 | Temple   | Entered the Ecumenical Temple
  6079 | Temple   | Fell from the grace of Elyvilon
  6079 | Temple   | Became a worshipper of Ashenzari the Shackled
  6125 | D:5      | Noticed Menkaure
  6139 | D:5      | Killed Menkaure
  6494 | D:6      | Reached skill level 4 in Fighting
  6711 | D:7      | Reached skill level 5 in Fighting
  6955 | D:6      | Reached skill level 6 in Fighting
  7048 | D:6      | Reached skill level 7 in Fighting
  7048 | D:6      | Reached XP level 9. HP: 79/79 MP: 9/9
  7102 | D:6      | Noticed Sigmund
  7143 | D:6      | Killed Sigmund
  7144 | D:6      | Reached skill level 5 in Armour
  7948 | D:8      | Noticed Gastronok
  7966 | D:7      | Noticed a hornet
  7987 | D:7      | Killed a hornet
  8111 | D:7      | Reached skill level 1 in Maces & Flails
  9581 | D:7      | Reached skill level 5 in Maces & Flails
 10325 | D:7      | Found Idghun's Book Shop.
 10332 | D:7      | Reached XP level 10. HP: 86/86 MP: 10/10
 10495 | D:7      | Learned a level 2 spell: Blink
 10495 | D:7      | Reached * piety under Ashenzari
 10734 | D:8      | Found a staircase to the Lair.
 11025 | D:8      | Found an ancient bone altar of Kikubaaqudgha.
 11631 | D:8      | Reached ** piety under Ashenzari
 11809 | D:8      | Killed Gastronok
 12431 | D:9      | Noticed a two-headed ogre
 12457 | D:9      | Killed a two-headed ogre
 12458 | D:9      | Reached skill level 8 in Fighting
 12458 | D:9      | Reached XP level 11. HP: 62/99 MP: 11/11
 12618 | D:9      | Reached skill level 9 in Fighting
 12651 | D:9      | Found Urhileb's Jewellery Shoppe.
 12672 | D:9      | Noticed Maurice
 12680 | D:9      | Killed Maurice
 12913 | D:9      | Noticed a two-headed ogre
 12926 | D:9      | Killed a two-headed ogre
 12927 | D:9      | Reached skill level 10 in Fighting
 13434 | D:9      | Noticed a two-headed ogre
 13660 | D:9      | Killed a two-headed ogre
 13737 | D:9      | Reached skill level 1 in Evocations
 14004 | D:10     | Entered Level 10 of the Dungeon
 14035 | D:10     | Reached *** piety under Ashenzari
 14111 | D:10     | Reached skill level 1 in Throwing
 14121 | D:10     | Found an opulent altar of Gozag.
 14391 | D:10     | Noticed Erolcha
 14406 | D:10     | Killed Erolcha
 14624 | D:9      | Bought a ring of protection from cold for 350 gold pieces
 15061 | Lair:1   | Entered Level 1 of the Lair of Beasts
 15282 | Lair:1   | Reached skill level 5 in Throwing
 15516 | Lair:1   | Reached XP level 12. HP: 115/115 MP: 12/12
 16185 | Lair:1   | Reached **** piety under Ashenzari
 17037 | Lair:2   | Noticed Urug
 18296 | D:4      | Bought an amulet of regeneration for 330 gold pieces
 18754 | Lair:3   | Reached skill level 10 in Armour
 19051 | Lair:3   | Found a hole to the Spider Nest.
 19206 | Lair:3   | Noticed a boulder beetle
 19219 | Lair:3   | Killed a boulder beetle
 19349 | Lair:3   | Found a staircase to the Swamp.
 19370 | Lair:3   | Reached XP level 13. HP: 80/123 MP: 13/13
 20739 | Lair:5   | Entered Level 5 of the Lair of Beasts
 20963 | Lair:5   | Found a staircase to the Slime Pits.
 20964 | Lair:5   | Found a viscous altar of Jiyva.
 22679 | Lair:5   | Reached skill level 10 in Maces & Flails
 23186 | Lair:5   | Reached XP level 14. HP: 94/130 MP: 14/14
 24212 | D:10     | Noticed Erica
 24818 | D:10     | Noticed Harold
 25164 | D:9      | Killed Harold
 25418 | D:10     | Killed Erica
 25616 | D:10     | Reached skill level 5 in Shields
 26477 | D:11     | Found a runed translucent door.
 26525 | D:11     | Noticed osoart's ghost (journeyman FoFi)
 26935 | D:11     | Found a staircase to the Orcish Mines.
 27389 | D:11     | Killed osoart's ghost
 27463 | Orc:1    | Entered Level 1 of the Orcish Mines
 28974 | Orc:2    | Entered Level 2 of the Orcish Mines
 29004 | Orc:1    | Noticed Sonja
 29008 | Orc:1    | Killed Sonja
 29650 | Orc:2    | Found a staircase to the Elven Halls.
 30168 | Orc:2    | Noticed Donald
 30771 | Orc:2    | Paralysed by an orc sorcerer for 5 turns
 30856 | Orc:2    | Found an ancient bone altar of Kikubaaqudgha.
 30870 | Orc:2    | Found Wireg's Antique Armour Shoppe.
 30903 | Orc:2    | Killed Donald
 30904 | Orc:2    | Reached skill level 10 in Shields
 30996 | Orc:2    | Found a radiant altar of Vehumet.
 31119 | Orc:2    | Found a roughly hewn altar of Beogh.
 31119 | Orc:2    | Found Vutoet's Jewellery Emporium.
 31128 | Orc:2    | Found Hapuuh's Book Shoppe.
 31133 | Orc:2    | Found Bened's Magic Scroll Emporium.
 31158 | Orc:2    | Bought the ring "Voahucat" {rElec Will+ Dex+6} for 889 gold
                  | pieces
 31478 | D:12     | Found a frozen archway.
 31499 | IceCv    | Entered an ice cave
 31631 | IceCv    | Found a transporter.
 31638 | IceCv    | Found a transporter.
 31638 | IceCv    | Identified Ukhejaf's Vellum of the Tundra
 31951 | D:12     | Reached XP level 15. HP: 139/139 MP: 14/17
 32173 | D:12     | Reached skill level 1 in Spellcasting
 32287 | D:13     | Noticed Lodul
 32311 | D:13     | Killed Lodul
 32656 | D:13     | Found Isiawat's Weapon Shoppe.
 32700 | D:13     | Identified the +5 long sword of Come {drain, rF+ Will+
                  | Int+3}
 33153 | D:13     | Found a gate to the Vaults.
 33608 | Orc:2    | Bought a shiny helmet for 270 gold pieces
 33760 | D:14     | Reached skill level 5 in Spellcasting
 34078 | D:14     | Identified the +2 ring mail "Warosu" {Dex+3}
 34179 | D:14     | Found a stormy altar of Qazlal.
 34366 | D:15     | Entered Level 15 of the Dungeon
 34693 | D:15     | Reached ***** piety under Ashenzari
 34758 | D:15     | Identified the +6 trident "Itenelal" {pain, rN+}
 35188 | D:15     | Found Serrytip's Antique Armour Shoppe.
 35297 | D:15     | Found a staircase to the Depths.
 35298 | D:15     | Noticed a fire giant
 35309 | D:15     | Killed a fire giant
 35862 | D:15     | Found a hazy altar of Hepliaklqana.
 35863 | D:15     | Found a faded altar of an unknown god.
 36227 | Swamp:1  | Entered Level 1 of the Swamp
 37296 | Swamp:2  | Reached XP level 16. HP: 147/147 MP: 31/31
 38504 | Swamp:3  | Reached skill level 15 in Shields
 39295 | Swamp:3  | Noticed a thorn hunter
 39309 | Swamp:3  | Killed a thorn hunter
 39757 | Swamp:3  | Noticed Kirke
 40204 | Swamp:3  | Killed Kirke
 40534 | Swamp:3  | Noticed Mara
 40537 | Swamp:3  | Noticed dolemite99's illusion
 40712 | Swamp:4  | Entered Level 4 of the Swamp
 40724 | Swamp:4  | Reached skill level 11 in Fighting
 41122 | Swamp:4  | Reached skill level 12 in Fighting
 41247 | Swamp:4  | Noticed Mlioglotl
 41251 | Swamp:4  | Noticed a shadow dragon
 41251 | Swamp:4  | Noticed a tentacled starspawn
 41327 | Swamp:4  | Reached skill level 13 in Fighting
 41458 | Swamp:4  | Reached XP level 17. HP: 131/163 MP: 32/32
 41566 | Swamp:4  | Reached skill level 14 in Fighting
 41731 | Swamp:4  | Noticed a bone dragon
 41735 | Swamp:4  | Noticed an ancient lich
 41743 | Swamp:4  | Killed Mlioglotl
 41898 | Swamp:4  | Got a decaying rune of Zot
 42099 | Spider:1 | Entered Level 1 of the Spider Nest
 42112 | Spider:1 | Reached skill level 15 in Fighting
 42320 | Spider:1 | Noticed Roxanne
 42347 | Spider:1 | Killed Roxanne
 42964 | Spider:1 | Reached skill level 16 in Fighting
 43403 | Spider:1 | Learned a level 2 spell: Passwall
 43705 | Spider:2 | Noticed Aizul
 43723 | Spider:2 | Killed Aizul
 44598 | Spider:2 | Reached skill level 17 in Fighting
 46911 | Spider:3 | Reached skill level 5 in Evocations
 47595 | Orc:2    | Bought a scroll of teleportation for 48 gold pieces
 47595 | Orc:2    | Bought a scroll of teleportation for 48 gold pieces
 47595 | Orc:2    | Bought a scroll of teleportation for 48 gold pieces
 47595 | Orc:2    | Bought a scroll of butterflies for 64 gold pieces
 47595 | Orc:2    | Bought a scroll of enchant armour for 120 gold pieces
 47595 | Orc:2    | Bought a scroll of fear for 64 gold pieces
 47595 | Orc:2    | Bought a scroll of fog for 64 gold pieces
 47764 | D:9      | Bought a ring of protection from fire for 350 gold pieces
 47930 | Spider:4 | Entered Level 4 of the Spider Nest
 48996 | Spider:4 | Noticed Arachne
 49031 | Spider:3 | Killed Arachne
 49032 | Spider:3 | Reached XP level 18. HP: 82/182 MP: 33/33
 50891 | Spider:4 | Reached skill level 1 in Translocations
 52070 | Spider:4 | Got a gossamer rune of Zot
 52754 | Lair:2   | Killed Urug
 53323 | Elf:1    | Entered Level 1 of the Elven Halls
 53679 | Elf:1    | Noticed an Ice Fiend
 53681 | Elf:1    | Reached skill level 5 in Translocations
 54100 | Elf:1    | Reached skill level 1 in Earth Magic
 54235 | Elf:1    | Learned a level 4 spell: Anguish
 54317 | Elf:1    | Reached skill level 1 in Necromancy
 54865 | Elf:1    | Reached skill level 5 in Necromancy
 55565 | Elf:2    | Reached skill level 1 in Hexes
 55577 | Elf:2    | Noticed Zenata
 55638 | Elf:2    | Killed Zenata
 55882 | Elf:2    | Reached XP level 19. HP: 165/167 MP: 34/34
 56014 | Elf:2    | Found a runed translucent gate.
 56014 | Elf:2    | Found a runed translucent gate.
 56048 | Elf:2    | Found a runed translucent gate.
 56195 | Elf:2    | Reached skill level 5 in Hexes
 58500 | Vaults:1 | Entered Level 1 of the Vaults
 58500 | Vaults:1 | Found Relur's Magic Scroll Shoppe.
 58503 | Vaults:1 | Bought a scroll of enchant weapon for 127 gold pieces
 58503 | Vaults:1 | Bought a scroll of enchant weapon for 127 gold pieces
 59292 | Vaults:1 | Identified the +2 pair of gloves of the Hills {Str+3}
 59331 | Vaults:1 | Noticed an Ice Fiend
 59790 | Vaults:1 | Reached skill level 10 in Necromancy
 60600 | Vaults:1 | Reached XP level 20. HP: 151/198 MP: 35/35
 61947 | Vaults:2 | Found Xymuakor's Jewellery Boutique.
 63759 | Vaults:3 | Reached skill level 10 in Hexes
 65188 | Vaults:3 | Found a staircase to the Crypt.
 66282 | Vaults:4 | Found Gechagh's Assorted Antiques.
 66929 | Vaults:4 | Reached XP level 21. HP: 90/205 MP: 26/36
 66945 | Vaults:4 | Paralysed by a sphinx for 3 turns
 67048 | Vaults:4 | Reached skill level 15 in Armour
 68554 | Vaults:4 | Learned a level 4 spell: Dispel Undead
 68558 | Vaults:4 | Learned a level 3 spell: Swiftness
 68562 | Vaults:4 | Learned a level 3 spell: Summon Guardian Golem
 68567 | Vaults:4 | Learned a level 4 spell: Animate Armour
 68946 | Elf:3    | Entered Level 3 of the Elven Halls
 68951 | Elf:3    | Reached skill level 1 in Summonings
 68956 | Elf:3    | Paralysed by an air elemental for 1 turns
 70004 | Elf:2    | Learned a level 3 spell: Call Canine Familiar
 70041 | Elf:3    | Reached skill level 5 in Summonings
 70114 | Elf:3    | Found Potwazuh's General Store.
 70122 | Elf:3    | Bought a scroll of enchant weapon for 90 gold pieces
 70122 | Elf:3    | Bought a scroll of magic mapping for 90 gold pieces
 70122 | Elf:3    | Bought a scroll of fear for 48 gold pieces
 70698 | Elf:3    | Identified the +5 mace "Dragonslayer" {flame, rPois rF+
                  | Will+ Str+3}
 71604 | Elf:3    | Identified the +4 great sword "Fuir Ama" {pain, MP+9 Int+5}
 72168 | Elf:3    | Identified the ring "Tastich" {Will+ Str+6}
 72775 | Elf:3    | Identified Ruamus's Folio of Familiar Orogeny
 72784 | Elf:3    | Identified the Lectures on Stolen Souls
 72830 | Elf:3    | Identified the +4 spear of the Scroll {heavy, rC+ rN+}
 73246 | Depths:1 | Entered Level 1 of the Depths
 73441 | Depths:1 | Noticed Saint Roka
 73697 | Depths:1 | Killed Saint Roka
 73698 | Depths:1 | Reached XP level 22. HP: 143/211 MP: 39/39
 73923 | Depths:1 | Noticed Asterion
 73952 | Depths:1 | Killed Asterion
 73953 | Depths:1 | Reached skill level 5 in Earth Magic
 74582 | Depths:1 | Gained mutation: You are frail. (-10% HP) [a shining eye]
 74741 | Depths:1 | Gained mutation: Your flesh is cold resistant. (rC+) [a
                  | shining eye]
 74768 | Depths:1 | Found a gateway to Hell.
 74914 | Depths:1 | Identified the +1 ring mail of Ethics {Rampage rF+++ rN++
                  | MP-9 Stlth-}
 75580 | Depths:2 | Paralysed by a floating eye for 3 turns
 76103 | Depths:2 | Found a portal to a secret trove of treasure.
 76421 | Depths:2 | Identified the +0 scimitar of Ubbac {speed, Str+4}
 76725 | Depths:2 | Reached skill level 10 in Earth Magic
 77278 | Depths:2 | Found a one-way gate leading to the halls of Pandemonium.
 77580 | Depths:3 | Noticed a caustic shrike
 77580 | Depths:3 | Noticed a caustic shrike
 77582 | Depths:3 | Noticed a caustic shrike
 77596 | Depths:3 | Killed a caustic shrike
 77603 | Depths:3 | Killed a caustic shrike
 77682 | Depths:3 | Noticed a caustic shrike
 77692 | Depths:3 | Killed a caustic shrike
 77693 | Depths:3 | Reached skill level 10 in Summonings
 77872 | Depths:3 | Found a blossoming altar of Fedhas.
 78275 | Depths:3 | Noticed a caustic shrike
 78286 | Depths:3 | Killed a caustic shrike
 78845 | Depths:3 | Identified Asmodeus's Thoughts on the Dragon
 78860 | Depths:3 | Reached XP level 23. HP: 201/203 MP: 32/40
 78903 | Depths:3 | Noticed a juggernaut
 78922 | Depths:3 | Killed a juggernaut
 80578 | Depths:2 | Killed a caustic shrike
 81252 | Depths:3 | Learned a level 4 spell: Animate Dead
 81258 | Depths:3 | Learned a level 5 spell: Borgnjor's Vile Clutch
 81288 | Depths:3 | Found the +2 hood of the Assassin {Detect Stab+ Stlth++}
 81415 | Depths:3 | Found a one-way gateway to a ziggurat.
 81791 | Depths:3 | Gained mutation: You are clumsy. (Dex -2) [a shining eye]
 81970 | Depths:3 | Found a one-way gate to the infinite horrors of the Abyss.
 82394 | Depths:4 | Entered Level 4 of the Depths
 82457 | Depths:4 | Reached skill level 18 in Fighting
 82735 | Depths:3 | Learned a level 2 spell: Sublimation of Blood
 82741 | Depths:3 | Learned a level 5 spell: Summon Mana Viper
 82922 | Depths:3 | Learned a level 2 spell: Lesser Beckoning
 82927 | Depths:3 | Learned a level 4 spell: Manifold Assault
 83702 | Depths:4 | Noticed a caustic shrike
 83702 | Depths:4 | Noticed a caustic shrike
 83703 | Depths:4 | Noticed a caustic shrike
 84428 | Depths:4 | Noticed Margery
 84443 | Depths:4 | Killed Margery
 84599 | Depths:4 | Killed a caustic shrike
 84601 | Depths:4 | Killed a caustic shrike
 84601 | Depths:4 | Killed a caustic shrike
 86048 | Depths:4 | Found a gate to the Realm of Zot.
 87022 | Depths:4 | Reached skill level 19 in Fighting
 87686 | D:11     | Upgraded the game from 0.30-a0-840-ga523dec638 to
                  | 0.30-a0-845-g7c6808c8ce
 87887 | Slime:1  | Entered Level 1 of the Pits of Slime
 87906 | Slime:1  | Reached skill level 1 in Dodging
 88098 | Slime:2  | Reached XP level 24. HP: 198/214 MP: 32/40
 88999 | Vaults:4 | Bought a scroll of immolation for 204 gold pieces
 88999 | Vaults:4 | Bought a scroll of magic mapping for 382 gold pieces
 88999 | Vaults:4 | Bought a potion of ambrosia for 408 gold pieces
 89453 | Slime:3  | Gained mutation: Potions are less effective at restoring
                  | your health. [a shining eye]
 89458 | Slime:3  | Gained mutation: You have sharp fingernails. [a shining
                  | eye]
 89783 | Slime:3  | Reached skill level 5 in Dodging
 90371 | Slime:5  | Entered Level 5 of the Pits of Slime
 90373 | Slime:5  | Gained mutation: Your body sometimes deteriorates upon
                  | taking damage. [a shining eye]
 90374 | Slime:5  | Gained mutation: You occasionally lose the ability to drink
                  | potions when taking damage. [a shining eye]
 91803 | Slime:5  | Noticed the Royal Jelly
 91820 | Slime:5  | Killed the Royal Jelly
 92286 | Slime:5  | Gained mutation: You are dopey. (Int -2) [a shining eye]
 92287 | Slime:5  | Gained mutation: You sometimes lose your temper in combat.
                  | [a shining eye]
 92669 | Slime:5  | Identified the amulet "Yridio Isask" {Acrobat rC+ Str+3
                  | Dex-2}
 92669 | Slime:5  | Identified the +3 battleaxe of Guilt {heavy, rN++ Int+8
                  | Stlth-}
 92670 | Slime:5  | Identified the +3 plate armour of Xetiyvvi {Str+4}
 92670 | Slime:5  | Identified the Precepts of the Squall and Transfiguration
 92693 | Slime:5  | Got a slimy rune of Zot
 93085 | Slime:5  | Lost mutation: You are clumsy. (Dex -2) [potion of
                  | mutation]
 93085 | Slime:5  | Lost mutation: You are dopey. (Int -2) [potion of mutation]
 93085 | Slime:5  | Gained mutation: You have a somewhat thin skeletal
                  | structure. (Dex +2, Stealth+) [potion of mutation]
 93085 | Slime:5  | Gained mutation: You are dopey. (Int -2) [potion of
                  | mutation]
 93085 | Slime:5  | Lost mutation: You have a somewhat thin skeletal structure.
                  | (Dex +2, Stealth+) [potion of mutation]
 93086 | Slime:5  | Lost mutation: Your flesh is cold resistant. (rC+) [potion
                  | of mutation]
 93086 | Slime:5  | Lost mutation: You are partially covered in large bone
                  | plates. (SH +4) [potion of mutation]
 93086 | Slime:5  | Lost mutation: You sometimes lose your temper in combat.
                  | [potion of mutation]
 93087 | Slime:5  | Lost mutation: Your body sometimes deteriorates upon taking
                  | damage. [potion of mutation]
 93087 | Slime:5  | Lost mutation: You occasionally lose the ability to drink
                  | potions when taking damage. [potion of mutation]
 93087 | Slime:5  | Lost mutation: You are dopey. (Int -2) [potion of mutation]
 93087 | Slime:5  | Gained mutation: You have large cloven feet. [potion of
                  | mutation]
 93088 | Slime:5  | Lost mutation: You are frail. (-10% HP) [potion of
                  | mutation]
 93088 | Slime:5  | Lost mutation: You have sharp fingernails. [potion of
                  | mutation]
 93088 | Slime:5  | Lost mutation: You have large cloven feet. [potion of
                  | mutation]
 93088 | Slime:5  | Gained mutation: You are robust. (+10% HP) [potion of
                  | mutation]
 93088 | Slime:5  | Gained mutation: Your mind is acute. (Int +4, Str/Dex -1)
                  | [potion of mutation]
 93088 | Slime:5  | Gained mutation: You have large cloven feet. [potion of
                  | mutation]
 93089 | Slime:5  | Lost mutation: You are robust. (+10% HP) [potion of
                  | mutation]
 93089 | Slime:5  | Lost mutation: Your mind is acute. (Int +4, Str/Dex -1)
                  | [potion of mutation]
 93089 | Slime:5  | Gained mutation: You are frail. (-10% HP) [potion of
                  | mutation]
 93089 | Slime:5  | Lost mutation: You have large cloven feet. [potion of
                  | mutation]
 93089 | Slime:5  | Gained mutation: You have hidden genetic defects. [potion
                  | of mutation]
 93089 | Slime:5  | Gained mutation: Your flesh is heat resistant. (rF+)
                  | [potion of mutation]
 93090 | Slime:5  | Lost mutation: Your flesh is heat resistant. (rF+) [potion
                  | of mutation]
 93090 | Slime:5  | Lost mutation: Potions are less effective at restoring your
                  | health. [potion of mutation]
 93090 | Slime:5  | Gained mutation: You are dopey. (Int -2) [potion of
                  | mutation]
 93090 | Slime:5  | Gained mutation: You are strong-willed. (Will+) [potion of
                  | mutation]
 93725 | Crypt:1  | Entered Level 1 of the Crypt
 93737 | Crypt:1  | Noticed Xtahua
 93747 | Crypt:1  | Killed Xtahua
 93833 | Crypt:1  | Identified the -2 pair of boots of the Orcish Mines {rF-
                  | Str+3 Dex+4}
 94058 | Crypt:1  | Identified the +2 hat of Hangman {rPois Will+++ Str-2
                  | Dex+2}
 94059 | Crypt:1  | Found a runed translucent door.
 94059 | Crypt:1  | Noticed Kucw's ghost (adept GrFi)
 94059 | Crypt:1  | Identified the Meditations on Grit
 95142 | Crypt:2  | Found the +8 storm bow {elec, penet}
 95241 | Crypt:2  | Gained mutation: You are very frail. (-20% HP) [hidden
                  | defects]
 95559 | Crypt:2  | Reached skill level 10 in Dodging
 97697 | Crypt:3  | Entered Level 3 of the Crypt
 97820 | Crypt:3  | Identified the +6 long sword of the Gnashing Coward {venom,
                  | rPois rF+ SInv}
 97972 | Crypt:3  | Found a staircase to the Tomb.
 98421 | Crypt:3  | Noticed Sojobo
 98442 | Crypt:3  | Paralysed by an air elemental for 1 turns
 98462 | Crypt:3  | Killed Sojobo
 98469 | Crypt:3  | Gained mutation: You do not regenerate when monsters are
                  | visible. [hidden defects]
 98469 | Crypt:3  | Lost mutation: You have hidden genetic defects. [hidden
                  | defects expressed]
 98736 | Crypt:3  | HP: 1/190 [poisoned by an ushabti (dark miasma)]
 99454 | Crypt:3  | Reached skill level 10 in Evocations
100376 | Crypt:3  | Reached XP level 25. HP: 194/196 MP: 40/40
102455 | Crypt:3  | Found the +7 sceptre of Torment {pain, torment}
103548 | Crypt:3  | Noticed Mennas
104448 | Crypt:3  | Killed Mennas
104623 | Crypt:3  | Noticed a royal mummy
107499 | Crypt:3  | Killed a royal mummy
108120 | Crypt:3  | Identified the Directory of Interference
108124 | Crypt:3  | Identified the +1 scale mail of Head {Dex+2}
108756 | Crypt:3  | Learned a level 3 spell: Inner Flame
108855 | Crypt:3  | Identified the Verses on Rot
109133 | D:13     | Lost mutation: You are very frail. (-20% HP) [potion of
                  | mutation]
109133 | D:13     | Lost mutation: You are frail. (-10% HP) [potion of
                  | mutation]
109133 | D:13     | Lost mutation: You are dopey. (Int -2) [potion of mutation]
109133 | D:13     | Lost mutation: You are strong-willed. (Will+) [potion of
                  | mutation]
109133 | D:13     | Gained mutation: You are agile. (Dex +4, Str/Int -1)
                  | [potion of mutation]
109134 | D:13     | Lost mutation: You are agile. (Dex +4, Str/Int -1) [potion
                  | of mutation]
109134 | D:13     | Lost mutation: You do not regenerate when monsters are
                  | visible. [potion of mutation]
109134 | D:13     | Gained mutation: You sometimes lose your temper in combat.
                  | [potion of mutation]
109134 | D:13     | Gained mutation: You are dopey. (Int -2) [potion of
                  | mutation]
109134 | D:13     | Gained mutation: You have very sharp teeth. [potion of
                  | mutation]
109135 | D:13     | Lost mutation: You have very sharp teeth. [potion of
                  | mutation]
109135 | D:13     | Lost mutation: You are dopey. (Int -2) [potion of mutation]
109135 | D:13     | Lost mutation: You sometimes lose your temper in combat.
                  | [potion of mutation]
109135 | D:13     | Gained mutation: Your flesh is cold resistant. (rC+)
                  | [potion of mutation]
109135 | D:13     | Gained mutation: You have an increased reservoir of magic.
                  | (+10% MP) [potion of mutation]
109625 | Vaults:5 | Entered Level 5 of the Vaults
109627 | Vaults:5 | Noticed a dread lich
109641 | Vaults:5 | Paralysed by a dread lich for 4 turns
109658 | Vaults:5 | Killed a dread lich
110117 | Vaults:5 | Noticed an ancient lich
110131 | Vaults:5 | Killed an ancient lich
110149 | Vaults:5 | Reached skill level 5 in Fire Magic
111399 | Abyss:2  | Cast into level 2 of the Abyss (vault guard)
111415 | Abyss:2  | Found a corrupted altar of Lugonu.
111446 | Abyss:2  | Found a corrupted altar of Lugonu.
111843 | Vaults:5 | Escaped the Abyss
111934 | Vaults:5 | Gained mutation: You are clumsy. (Dex -2) [a shining eye]
111988 | Vaults:5 | Noticed a dread lich
111990 | Vaults:5 | Identified a scroll of acquirement
111994 | Vaults:5 | Killed a dread lich
111997 | Vaults:5 | Reached skill level 20 in Fighting
112210 | Vaults:5 | Identified the +0 mace of Cuoziroc {freeze, rC- Will+
                  | Int+5}
112266 | Vaults:5 | Noticed a dread lich
112289 | Vaults:5 | Killed a dread lich
112445 | Vaults:5 | Reached skill level 21 in Fighting
113465 | Vaults:5 | Acquired 898 gold pieces
113471 | Vaults:5 | Identified the Book of the Cumulonimbus
113482 | Vaults:5 | Got a silver rune of Zot
113490 | Vaults:5 | Noticed a dread lich
113507 | Vaults:5 | Killed a dread lich
113508 | Vaults:5 | Reached XP level 26. HP: 248/254 MP: 34/44
114212 | Vaults:5 | Noticed an ancient lich
114218 | Vaults:5 | Killed an ancient lich
115091 | Vaults:5 | Found Wonebul's Assorted Antiques.
115105 | Vaults:5 | Bought a flail for 182 gold pieces
115105 | Vaults:5 | Bought a scroll of blinking for 390 gold pieces
115105 | Vaults:5 | Bought a pair of runed gloves for 390 gold pieces
115660 | Depths:3 | Learned a level 4 spell: Summon Lightning Spire
115661 | Zig:1    | Entered Level 1 of a ziggurat
115661 | Zig:1    | Noticed a Killer Klown
115670 | Zig:1    | Killed a Killer Klown
115697 | Zig:2    | Entered Level 2 of a ziggurat
115765 | Zig:3    | Entered Level 3 of a ziggurat
115924 | Zig:4    | Entered Level 4 of a ziggurat
115931 | Zig:4    | Identified the +3 morningstar of the Hairy God {elec, rPois
                  | rF- Int+3 Stlth+}
116313 | Zig:5    | Entered Level 5 of a ziggurat
116336 | Zig:5    | Identified the +6 dagger of the Shrinking Boar {heavy,
                  | Int+3}
116342 | Zig:5    | Reached skill level 5 in Air Magic
116725 | Zot:1    | Entered Level 1 of the Realm of Zot
118056 | Zot:1    | Identified the +5 shortbow of Calculation {elec, Stlth+}
118066 | Zot:1    | Identified the +6 war axe of Gin and Tonic {heavy, Fly
                  | rPois rF+ Str+3}
118121 | Zot:1    | Killed from afar by a shadow dragon

Illustrated notes

Levels and vault maps discovered:
D:1:      sevenhm_arrival_forest_fort_small_4, layout_basic, dk_noncrumbling_2,
          nicolae_shop_vocational
D:2:      layout_basic, basic_altar
D:3:      layout_basic, shapermc_ecumenical_altar_starsandcircs,
          minmay_door_square
D:4:      layout_loops_ring, serial_shops, nicolae_shop_stone, uniq_edmund,
          uniq_eustachio
D:5:      layout_basic, minmay_temple_entry_wispy, lightli_sewer_entry_pipes,
          uniq_menkaure, uniq_grinder
D:6:      corexii_shantytown, layout_loops_ring, serial_bayou,
          serial_bayou_pond_b, serial_bayou_ford_a, serial_bayou_pond_e,
          serial_bayou_pond_c, uniq_sigmund
D:7:      layout_basic, serial_shops, shop, st_stairs_14
D:8:      layout_loops_ring, lemuel_mausoleum_altar_kikubaaqudgha,
          erik_lair_orcish_takeover, serial_glass, glass_columns_a,
          glass_columns_a, serial_park_tiny_1, chequers_serial_rivers_marsh,
          hangedman_incinerator, uniq_gastronok
D:9:      layout_irregular_city, serial_shops, nicolae_stop_n_shop_1,
          minmay_mirror_moons_of_madness, uniq_maurice
D:10:     layout_gridville, marbit_many_paths, sword_in_stone, uniq_erolcha
D:11:     cheibrodos_helix_gallery, layout_grid_maze, orc_0_dummy,
          ebering_ghost_reflecting_pool, feat_on_display
D:12:     layout_gridville, portal_ice_cave_entry_imps
D:13:     layout_small_grid, david_vaults_1, serial_shops,
          nicolae_take_the_stairs, drop_trap, st_stairs_5, uniq_lodul
D:14:     layout_basic, nicolae_qazlal_general_emergency
D:15:     grunt_enter_depths_giant_problem, layout_stronghold,
          nicolae_hexahallways, serial_shops, shop,
          beargit_hepliaklqana_dungeon_heroes
Temple:   mainiacjoe_temple_cubbyholes
Lair:1:   layout_regular_city, dreamdust_gnoll_shepherd, serial_bayou_shore_b,
          grunt_megastairs_2, serial_bayou_shore_b, serial_bayou_shore_a,
          serial_bayou_shore_b
Lair:2:   layout_regular_city, uniq_harold, uniq_urug
Lair:3:   layout_small_grid, nicolae_swamp_entry_splash_gauntlet,
          spider_nest_entry_funnel_web
Lair:4:   layout_cave_shapes, infiniplex_staircase_pool_2
Lair:5:   evilmike_catoblepas_cave, layout_cave_pods,
          minmay_slime_entry_jelly_boxes, gauntlet_entry_generic,
          grunt_megastairs_4
Swamp:1:  layout_basic_swamp, nicolae_swamp_tree_designs
Swamp:2:  layout_basic_swamp, hangedman_swamp_blocks
Swamp:3:  layout_falls_marsh, evilmike_swamp_ruin_house_1, swamp_pool2,
          nicolae_swamp_orc_logging_accident, nicolae_swamp_frolicking_bunyips,
          uniq_kirke, uniq_mara
Swamp:4:  swamp_alternative, layout_basic_swamp, uniq_mlioglotl
Spider:1: nicolae_spider_broodchamber, uniq_roxanne
Spider:2: layout_cave_pods, nicolae_spider_twisty_arc_passages, uniq_aizul
Spider:3: nicolae_spider_mines_1
Spider:4: grunt_spider_rune_circles, uniq_arachne
Slime:1:  layout_caves
Slime:2:  layout_caves
Slime:3:  layout_caves, special_room [special_room_jelly],
          nicolae_slime_getting_an_eyeful
Slime:4:  layout_caves
Slime:5
Orc:1:    layout_caves, nicolae_orc_lava_room, uniq_sonja, uniq_erica
Orc:2:    kennysheep_orc_mage_school, layout_diamond_mine, uniq_donald
Elf:1:    elf_arrival_002, layout_loops_corners, special_room
          [special_room_orc], hangedman_elf_disciples, minmay_misc_feat_columns,
          minivault_20
Elf:2:    nicolae_elf_blades_splatter_lattice [mumra_blade_entry_dagger],
          layout_loops_cross, uniq_zenata
Elf:3:    minmay_elf_hall_four_x, layout_rooms, serial_shops,
          nicolae_diamond_shop
Vaults:1: nicolae_vaults_network_star, vaults_mumra_hexcomb,
          nicolae_vaults_asterisk, vaults_room_fours,
          ontoclasm_vaults_loading_screen, nicolae_vaults_yaktaur_gun_rack,
          st_more_cells, ontoclasm_vaults_shuriken, vaults_room_fancy_cross,
          nicolae_vaults_windows_and_doors_thing, v_misc_18,
          ontoclasm_vaults_claustrophobia, layout_vaults_maze_bifur,
          serial_shops, shop_statue
Vaults:2: v_misc_27, nicolae_vaults_shelves_hall, ontoclasm_vaults_eye,
          vaults_room_fours, v_alt_pattern_6, ontoclasm_vaults_loading_screen,
          vaults_room_pools, layout_vaults_quadrants, serial_shops, shop
Vaults:3: minmay_crypt_entry_simple_sparse, hangedman_vaults_stitches,
          vaults_room_corners, ontoclasm_vaults_twist, ontoclasm_vaults_chip,
          v_misc_5, ontoclasm_vaults_loading_screen, v_misc_14,
          grunt_vaults_hallway_short, nicolae_vaults_network_periphery,
          layout_vaults_chaotic_city
Vaults:4: nicolae_vaults_twisting_passages, hangedman_vaults_slice,
          hangedman_vaults_trim, v_rooms_6, nicolae_vaults_little_squares_4,
          v_misc_1, grunt_vaults_funnel, nicolae_vaults_an_arrangement,
          ontoclasm_vaults_ligature, layout_vaults_omnicross, serial_shops, shop
Vaults:5
Crypt:1:  layout_gridlike, hellmonk_ghost_big_iron, uniq_xtahua
Crypt:2:  layout_basic, grunt_ministairs_1, st_small_mortuary
Crypt:3:  due_elkab, layout_chaotic_city, tomb_entry_simple_bobbens,
          uniq_mennas, uniq_sojobo
Depths:1: layout_long_grid, nicolae_hell_entry_hellmouth_sunbeams,
          kennysheep_generic_room_4, uniq_asterion, uniq_saint_roka
Depths:2: minmay_curly_fans, layout_gridlike, nicolae_trove_entry_columns,
          rand_demon_pan_entry_8, pf_hell_entry_tar_river
Depths:3: minmay_the_grid_square_5x5_5x5_mashed
          [minmay_the_grid_square_5x5_checkered_sparse,
          minmay_the_grid_square_5x5_one_wall,
          minmay_the_grid_square_5x5_broken_cross,
          minmay_the_grid_square_5x5_pentomino_r,
          minmay_the_grid_square_5x5_two_walls_b,
          minmay_the_grid_square_5x5_eight,
          minmay_the_grid_square_5x5_prize_gold,
          minmay_the_grid_square_5x5_bite,
          minmay_the_grid_square_5x5_prize_open,
          minmay_the_grid_square_5x5_bracketed,
          minmay_the_grid_square_5x5_longway,
          minmay_the_grid_square_5x5_minimal,
          minmay_the_grid_square_5x5_prize_pseudospiral,
          minmay_the_grid_square_5x5_shuriken,
          minmay_the_grid_square_5x5_bridge, minmay_the_grid_square_5x5_shrine1,
          minmay_the_grid_square_5x5_prize_waves,
          minmay_the_grid_square_5x5_percent,
          minmay_the_grid_square_5x5_prize_itemx,
          minmay_the_grid_square_5x5_beaten_path,
          minmay_the_grid_square_5x5_checkered,
          minmay_the_grid_square_5x5_forky,
          minmay_the_grid_square_5x5_intrusive_squares,
          minmay_the_grid_square_5x5_doubleslash,
          minmay_the_grid_square_5x5_hourglass], layout_honeycomb,
          enter_ziggurat_a, serial_sigils_hangedman_shear,
          hangedman_abyss_entry_splay, grunt_pan_entry_sceptre, hell_entry,
          argonaut_fire_from_heaven
Depths:4: grunt_crosshair, layout_cave_shapes, hell_entry, abyss_entry_crystal,
          uniq_margery
Zot:1:    layout_misc_corridors

Skill      XL: |  1  2  3  4  5  6  7  8  9 10 11 12 13 14 15 16 17 18 19 20 21 22 23 24 25 26 |
---------------+-------------------------------------------------------------------------------+-----
Axes           | 3 4 5 6 9 12 13 16 | 16.4
Fighting       | 7 8 10 13 17 19 21 | 21.9
Armour         | 6 12 13 14 16 17 | 17.6
Maces & Flails | 6 12 13 | 13.1
Evocations     | 2 6 8 10 11 | 11.5
Throwing       | 6 7 |  7.6
Shields        | 11 13 16 | 16.2
Spellcasting   | 7 8 |  8.0
Translocations | 6 |  6.1
Earth Magic    | 1 4 11 12 | 12.6
Necromancy     | 6 11 12 | 12.1
Hexes          | 3 8 12 | 12.1
Summonings     | 9 12 14 | 14.7
Dodging        | 2 10 | 10.6
Fire Magic     | 8 |  8.9
Air Magic      | 7 |  7.0

Action                     |  1- 3 |  4- 6 |  7- 9 | 10-12 | 13-15 | 16-18 | 19-21 | 22-24 | 25-27 || total
---------------------------+-------+-------+-------+-------+-------+-------+-------+-------+-------++-------
  Melee: War axe           |    81 |    52 |   278 |   513 |    73 |       |       |       |       ||   997
         Dagger            |       |       |    16 |       |       |       |       |       |       ||    16
         Dire flail        |       |       |    38 |     5 |       |       |       |       |       ||    43
         Morningstar       |       |       |       |       |   691 |       |       |       |       ||   691
         Broad axe         |       |       |       |       |   530 |  1567 |  1380 |   906 |   331 ||  4714
  Throw: Dart              |    22 |       |     6 |    29 |   222 |   157 |       |       |       ||   436
         Javelin           |       |       |     8 |    13 |       |    59 |    71 |       |     2 ||   153
         Boomerang         |       |       |       |    58 |    60 |       |       |    27 |    61 ||   206
         Throwing net      |       |       |       |       |     2 |     4 |     7 |     1 |       ||    14
   Cast: Blink             |       |       |       |       |       |     9 |    17 |     2 |     4 ||    32
         Anguish           |       |       |       |       |       |       |   106 |     1 |       ||   107
         Summon Guardian G |       |       |       |       |       |       |    41 |   139 |   107 ||   287
         Call Canine Famil |       |       |       |       |       |       |    40 |    49 |       ||    89
         Animate Armour    |       |       |       |       |       |       |       |   176 |   115 ||   291
         Passwall          |       |       |       |       |       |       |       |     1 |       ||     1
         Borgnjor's Vile C |       |       |       |       |       |       |       |    29 |    26 ||    55
         Summon Mana Viper |       |       |       |       |       |       |       |    96 |   104 ||   200
         Animate Dead      |       |       |       |       |       |       |       |     4 |    10 ||    14
         Dispel Undead     |       |       |       |       |       |       |       |     9 |     3 ||    12
         Manifold Assault  |       |       |       |       |       |       |       |     4 |       ||     4
         Sublimation of Bl |       |       |       |       |       |       |       |     1 |     4 ||     5
         Inner Flame       |       |       |       |       |       |       |       |       |     9 ||     9
         Summon Lightning  |       |       |       |       |       |       |       |       |     1 ||     1
 Invoke: Curse Item        |       |       |     1 |     6 |     4 |     1 |     2 |       |       ||    14
         Shatter the Chain |       |       |       |     1 |     4 |       |     1 |       |       ||     6
  Evoke: Wand              |       |    12 |    10 |    12 |    21 |    25 |    15 |    42 |     8 ||   145
         Tin of tremorston |       |       |       |       |       |       |       |     6 |     4 ||    10
         Condenser vane    |       |       |       |       |       |       |       |     4 |     4 ||     8
         Phial of floods   |       |       |       |       |       |       |       |     4 |     6 ||    10
         Box of beasts     |       |       |       |       |       |       |       |     3 |     3 ||     6
         Lightning rod     |       |       |       |       |       |       |       |       |     8 ||     8
    Use: Potion            |       |     6 |     8 |     2 |     6 |    24 |     2 |    21 |    22 ||    91
         Scroll            |       |       |    19 |     5 |     7 |    22 |    14 |    15 |    17 ||    99
   Stab: Invisible         |       |       |     4 |       |     5 |       |       |       |       ||     9
         Paralysed         |       |       |       |       |     2 |       |     1 |       |       ||     3
         Distracted        |       |       |       |       |     1 |       |     1 |    14 |       ||    16
         Fleeing           |       |       |       |       |       |     1 |       |       |       ||     1
 Armour: Scale mail        |    46 |    13 |    25 |       |       |       |       |       |       ||    84
         Skin              |       |       |    10 |       |       |       |       |       |       ||    10
         Chain mail        |       |       |    85 |    80 |       |       |       |       |       ||   165
         Plate armour      |       |       |       |   188 |   597 |   731 |   506 |   625 |   236 ||  2883
  Dodge: Dodged            |    38 |    15 |    83 |   116 |   224 |   218 |   162 |   213 |   124 ||  1193
  Block: Buckler           |    15 |     9 |   110 |   174 |   107 |       |       |       |       ||   415
         Other             |       |       |    11 |     2 |       |       |       |       |       ||    13
         Kite shield       |       |       |       |       |   491 |       |       |       |       ||   491
         Tower shield      |       |       |       |       |   156 |  2144 |  1715 |  1345 |   445 ||  5805
         Reflection        |       |       |       |       |    10 |    64 |   119 |    22 |    48 ||   263

Table legend: (Time is in decaauts)
 A = Elapsed time spent in this place.
 B = Non-inter-level travel time spent in this place.
 C = Inter-level travel time spent in this place.
 D = Time resting spent in this place.
 E = Time spent auto-exploring this place.
 F = Levels seen in this place.
 G = Mean time per level.
                   A        B        C        D        E       F      G
               +--------+--------+--------+--------+--------+-----+--------+
         Total | 117174 | 107092 |  10082 |  54034 |  30438 |  60 | 1952.9 |
       Dungeon |  26374 |  23179 |   3195 |  10438 |   8099 |  15 | 1758.3 |
        Temple |    384 |    291 |     93 |      0 |    287 |   1 |  384.0 |
          Lair |  10328 |   8985 |   1343 |   2997 |   4235 |   5 | 2065.6 |
         Swamp |   5428 |   5213 |    215 |   2505 |   1328 |   4 | 1357.0 |
   Spider Nest |   9666 |   9316 |    350 |   5401 |   2032 |   4 | 2416.5 |
    Slime Pits |   4648 |   4624 |     24 |   3521 |    119 |   5 |  929.6 |
  Orcish Mines |   3909 |   2981 |    928 |   1285 |    922 |   2 | 1954.5 |
   Elven Halls |   8934 |   8150 |    784 |   3674 |   2204 |   3 | 2978.0 |
        Vaults |  16013 |  13919 |   2094 |   4941 |   5343 |   5 | 3202.6 |
         Crypt |  14986 |  14707 |    279 |   9990 |   2661 |   3 | 4995.3 |
        Depths |  14929 |  14157 |    772 |   8361 |   3203 |   4 | 3732.2 |
           Zot |     96 |     96 |      0 |      0 |      0 |   1 |   96.0 |
         Abyss |    429 |    429 |      0 |    156 |      4 |   2 |  214.5 |
      Ziggurat |    682 |    682 |      0 |    511 |      0 |   5 |  136.4 |
      Ice Cave |    361 |    361 |      0 |    251 |      1 |   1 |  361.0 |
               +--------+--------+--------+--------+--------+-----+--------+

Top non-repeatable levels by time:
 Crypt:3: 7873 daAuts
 Crypt:2: 6103 daAuts
Vaults:5: 5223 daAuts
Depths:4: 4950 daAuts
Depths:3: 4352 daAuts
   Elf:2: 4069 daAuts
  Lair:5: 3213 daAuts
    D:11: 3212 daAuts
     D:9: 3212 daAuts
Vaults:3: 3191 daAuts
   Orc:2: 3163 daAuts
Spider:3: 3149 daAuts
Depths:2: 3003 daAuts
 Slime:5: 2941 daAuts
Vaults:4: 2796 daAuts
